 Dungeon Crawl Stone Soup version 0.25.1-2-g60ff931df9 (webtiles) character file.

Game seed: 2394993039110039084

15911 dreq the Carver (level 12, -1/159 (160) HPs)
             Began as a Minotaur Berserker on Nov 19, 2020.
             Was the Champion of Trog.
             Slain by a human (5 damage)
             ... on level 12 of the Dungeon.
             The game lasted 00:20:21 (12407 turns).

dreq the Carver (Minotaur Berserker)               Turns: 12407, Time: 00:20:23

HP:   -1/159 (160)  AC: 17    Str: 33    XL:     12   Next: 5%
MP:   11/11         EV: 12    Int:  4    God:    Trog [******]
Gold: 688           SH: 13    Dex: 14    Spells: 11/11 levels left

rFire    . . .     SeeInvis +   h - +1 scimitar of the Ageing Weasel {vorpal, rN+ Dex+4}
rCold    . . .     Gourm    .   p - +0 kite shield
rNeg     + . .     Faith    +   f - +3 ring mail {rPois}
rPois    +         Spirit   .   A - +1 hat
rElec    .         Reflect  .   s - +2 cloak
rCorr    .         Harm     .   r - +1 pair of gloves
MR       .....                  (no boots)
Stlth    ..........             k - amulet of faith
HPRegen  0.36/turn              n - +6 ring of strength
MPRegen  0.12/turn              z - ring of see invisible

@: berserking, very quick
A: retaliatory headbutt, horns 2
a: Berserk, Trog's Hand, Brothers in Arms, Renounce Religion


You were on level 12 of the Dungeon.
You worshipped Trog.
Trog was exalted by your worship.
You were hungry.

You visited 1 branch of the dungeon, and saw 13 of its levels.

You collected 832 gold pieces.
You spent 144 gold pieces at shops.

Inventory:

Hand Weapons
 h - the +1 scimitar of the Ageing Weasel (weapon) {vorpal, rN+ Dex+4}
   (You bought it in a shop on level 7 of the Dungeon)

   It inflicts extra damage upon your enemies.
   It affects your dexterity (+4).
   It protects you from negative energy.
Armour
 f - a +3 ring mail of poison resistance (worn)
 p - a +0 kite shield (worn)
 r - a +1 pair of gloves (worn)
 s - a +2 cloak (worn)
 A - a +1 hat (worn)
Jewellery
 k - an amulet of faith (around neck)
 n - a +6 ring of strength (left hand)
 t - an uncursed ring of flight
 z - a ring of see invisible (right hand)
Wands
 d - a wand of clouds (8)
 g - a wand of acid (15)
 i - a wand of enslavement (10)
 j - a wand of digging (13)
 w - a wand of paralysis (12)
 x - a wand of flame (8)
 D - a wand of polymorph (9)
Scrolls
 b - 10 scrolls of remove curse
 e - 8 scrolls of teleportation
 y - a scroll of identify
 B - a scroll of enchant weapon
Potions
 a - 3 potions of flight
 l - a potion of resistance
 m - 4 potions of stabbing
 o - 7 potions of curing
 q - 2 potions of invisibility
 u - 3 potions of might
 v - 2 potions of heal wounds
 C - a potion of lignification
 F - a potion of berserk rage
 G - a potion of mutation
Comestibles
 c - 26 rations
 E - 5 chunks of flesh


   Skills:
 + Level 10.3 Fighting
 + Level 12.4 Long Blades
   Level 9.2(9.5) Axes
   Level 3.7(6.9) Maces & Flails
 + Level 9.7 Armour
 + Level 4.0 Dodging
 + Level 3.1 Stealth
 + Level 9.9 Shields


You had 11 spell levels left.
You didn't know any spells.
Your spell library was empty.

Dungeon Overview and Level Annotations

Branches:
Dungeon (13/15) Temple (0/1) D:6 Lair (0/6) D:8 Orc (0/2) D:10 Vaults (0/5) D:12 D:13

Altars:
Ashenzari
Dithmenos
Fedhas
Gozag
Hepliaklqana
Makhleb
Okawaru
Qazlal
Ru
Trog
Vehumet
Wu Jian
Yredelemnul
Zin
The Shining One

Shops:
D:7 (

Annotations:
D:12 Rupert
D:13 Urug


Innate Abilities, Weirdness & Mutations

You reflexively headbutt those who attack you in melee.
You have a pair of horns on your head.


Message History

You barely miss Rupert. You headbutt Rupert, but do no damage.
Rupert is lightly wounded.
Rupert hits you with a +7 executioner's axe of flaming!!
* * * LOW HITPOINT WARNING * * *
Rupert burns you!
* * * LOW HITPOINT WARNING * * *
You block the human's attack.
You closely miss Rupert.
Rupert is lightly wounded.
The human hits you but does no damage. x2; You block the human's attack. x2
Rupert closely misses you. You furiously retaliate!
You headbutt Rupert! You slice Rupert!! You headbutt Rupert!
Rupert is heavily wounded.
You slice Rupert!!
Rupert is severely wounded.
The human closely misses you.
You riposte.
You closely miss the human. You headbutt the human!!
The human is heavily wounded.
The human barely misses you. The human hits you.
You die...

#.....##...# #.........##.#..#.
##...^.##...# #.........##.#..#.
...######...# #.........##.#..#.
...# ####...# #.........##.#..#.
...###......####..#########.#..#.
.....'....(.......# #.#..#.
...###....####.#..# ###.##...
...# #....# #.#p@# #........ ...#
#....# #.#@p# #.#>##.#. ####
#....# #.#pp# #......#. #....#
#.#..# #....###. #....# #.#..#
#..#.# #. #....#
#.#..#######..#.# #. ######
#.#........#..#.# #.
#.#.######.#..[.# #.
#.#...........#.###.
#.#)#.#....#.....###


You could see Rupert (berserk) and 4 humans.

Vanquished Creatures
  A centaur warrior (D:10)
  2 unseen horrors
  2 ugly things (D:11)
  A manticore (D:12)
  A kobold demonologist (D:12)
  A komodo dragon (D:12)
  2 trolls
  A hornet (D:7)
  A slime creature (D:12)
  8 hippogriffs
  A spriggan (D:8)
  A wraith (D:6)
  A yak (D:8)
  4 humans (D:12)
  A fire bat (D:5)
  Grum (D:8)
  A wyvern (D:11)
  2 hungry ghosts
  4 vampire mosquitoes
  An acid dragon (D:11)
  A warg (D:10)
  A porcupine (D:8)
  4 ice beasts
  4 orc warriors
  4 sky beasts
  3 black bears
  5 necrophages
  A phantom (D:8)
  4 centaurs
  6 ogres
  4 wolves (D:8)
  2 big kobolds
  10 bullfrogs
  A wyvern skeleton (D:10)
  10 killer bees
  5 scorpions
  11 wights
  A howler monkey (D:4)
  3 jellies
  6 crimson imps
  A bullfrog zombie (D:7)
  3 centaur zombies
  6 orc priests
  7 hounds
  19 orc wizards
  4 centaur skeletons
  6 iguanas
  Natasha (twice) (D:3)
  11 worker ants
  3 worker ant zombies (D:7)
  15 adders
  A shadow imp (D:8)
  2 oozes
  An adder skeleton (D:2)
  4 adder zombies
  3 worms (D:2)
  5 leopard geckos
  44 orcs
  A bat skeleton (D:2)
  4 giant cockroaches
  7 goblins
  2 hobgoblins
  25 jackals
  3 quokkas
  7 ball pythons
  7 bats
  6 frilled lizards
  3 jackal skeletons
  A jackal zombie (D:2)
  18 kobolds
  A quokka skeleton (D:6)
  9 rats
  2 bushes (D:7)
356 creatures vanquished.

Vanquished Creatures (others)
  5 plants (D:7)
5 creatures vanquished.

Grand Total: 361 creatures vanquished

Notes
Turn   | Place    | Note
-------+----------+-------------------------------------------
     0 | D:1      | dreq the Minotaur Berserker began the quest for the Orb.
     0 | D:1      | Reached XP level 1. HP: 19/19 MP: 0/0
   318 | D:1      | Reached XP level 2. HP: 26/27 MP: 1/1
   704 | D:2      | Reached XP level 3. HP: 31/34 MP: 2/2
   774 | D:2      | Reached ** piety under Trog
   784 | D:2      | Reached skill level 1 in Axes
   893 | D:2      | Noticed a fire elemental
   915 | D:2      | Found a stormy altar of Qazlal.
   916 | D:2      | Noticed a water elemental
   916 | D:2      | Noticed an earth elemental
   916 | D:2      | Noticed an air elemental
  1099 | D:2      | Reached XP level 4. HP: 32/41 MP: 3/3
  1305 | D:3      | Reached skill level 5 in Fighting
  1412 | D:3      | Reached *** piety under Trog
  1489 | D:3      | Noticed Natasha
  1494 | D:3      | Killed Natasha
  1494 | D:3      | Reached XP level 5. HP: 43/48 MP: 4/4
  1528 | D:3      | Found a bloodstained altar of Trog.
  1618 | D:3      | Noticed Natasha
  1626 | D:3      | Killed Natasha
  1765 | D:3      | Found a glowing golden altar of the Shining One.
  2185 | D:4      | Reached XP level 6. HP: 56/56 MP: 5/5
  2354 | D:4      | Found an opulent altar of Gozag.
  2455 | D:4      | Found a basalt altar of Yredelemnul.
  2491 | D:4      | Reached **** piety under Trog
  2491 | D:4      | Reached skill level 5 in Axes
  2787 | D:5      | Entered Level 5 of the Dungeon
  2989 | D:5      | Reached XP level 7. HP: 60/61 MP: 6/6
  3072 | D:5      | Found a transporter.
  3196 | D:5      | Found a transporter.
  3316 | D:5      | Noticed a fire bat
  3472 | D:5      | Reached skill level 1 in Shields
  3664 | D:5      | Killed a fire bat
  4062 | D:6      | Reached skill level 5 in Armour
  4066 | D:6      | Reached XP level 8. HP: 69/70 MP: 7/7
  4086 | D:6      | Reached skill level 1 in Stealth
  4123 | D:6      | Reached ***** piety under Trog
  4189 | D:6      | Found a staircase to the Ecumenical Temple.
  4210 | D:6      | Found a bloodstained altar of Trog.
  4242 | D:6      | Found a shattered altar of Ashenzari.
  4249 | D:6      | Found a radiant altar of Vehumet.
  4353 | D:6      | Found a hazy altar of Hepliaklqana.
  4785 | D:7      | Found Noasul's Antique Weapon Shoppe.
  4802 | D:7      | Bought a masterwork scimitar for 144 gold pieces
  4802 | D:7      | Identified the cursed +1 scimitar of the Ageing Weasel
                  | {vorpal, rN+ Dex+4} (You bought it in a shop on level 7 of
                  | the Dungeon)
  4823 | D:7      | Found a blossoming altar of Fedhas.
  4996 | D:7      | Noticed a hornet
  5001 | D:7      | Killed a hornet
  5174 | D:7      | Reached skill level 5 in Shields
  5174 | D:7      | Reached XP level 9. HP: 57/78 MP: 8/8
  5385 | D:7      | Found an iron altar of Okawaru.
  5391 | D:7      | Reached skill level 1 in Long Blades
  5395 | D:7      | Reached skill level 2 in Long Blades
  5516 | D:7      | Received a gift from Trog
  5560 | D:7      | Reached skill level 3 in Long Blades
  5890 | D:7      | Reached skill level 4 in Long Blades
  6043 | D:7      | Found a basalt altar of Yredelemnul.
  6069 | D:7      | Reached skill level 5 in Long Blades
  6296 | D:7      | Reached skill level 6 in Long Blades
  6395 | D:8      | Reached XP level 10. HP: 85/85 MP: 9/9
  6538 | D:8      | Reached skill level 7 in Long Blades
  7093 | D:8      | Found a staircase to the Lair.
  7276 | D:8      | Noticed Grum
  7292 | D:8      | Reached skill level 8 in Long Blades
  7304 | D:8      | Killed Grum
  7618 | D:8      | Got a scorched steel ring
  7634 | D:8      | Identified the cursed ring of Mirth {+Blink +Fly Str-4
                  | Dex-3 SInv} (You found it on level 8 of the Dungeon)
  7947 | D:9      | Found a stormy altar of Qazlal.
  8435 | D:9      | Found a sacrificial altar of Ru.
  8473 | D:9      | Reached skill level 9 in Long Blades
  8693 | D:9      | Found a burning altar of Makhleb.
  8694 | D:9      | Found a glowing silver altar of Zin.
  8694 | D:9      | Noticed an angel
  8695 | D:9      | Noticed a blizzard demon
  8895 | D:10     | Entered Level 10 of the Dungeon
  8904 | D:10     | Noticed an unseen horror
  8914 | D:10     | Killed an unseen horror
  8914 | D:10     | Reached XP level 11. HP: 92/96 MP: 10/10
  8953 | D:10     | Found a staircase to the Orcish Mines.
  9437 | D:10     | Reached ****** piety under Trog
  9829 | D:10     | Noticed a centaur warrior
  9835 | D:10     | Killed a centaur warrior
  9835 | D:10     | Reached skill level 10 in Long Blades
 10122 | D:11     | Found an ornate altar of the Wu Jian Council.
 10141 | D:11     | Received a gift from Trog
 10352 | D:11     | Noticed a purple ugly thing
 10363 | D:11     | Killed a purple ugly thing
 10393 | D:11     | Noticed an unseen horror
 10411 | D:11     | Killed an unseen horror
 10608 | D:11     | Noticed a cyan ugly thing
 10624 | D:11     | Killed a cyan ugly thing
 10624 | D:11     | Reached skill level 11 in Long Blades
 11354 | D:12     | Found a shadowy altar of Dithmenos.
 11435 | D:12     | Reached skill level 10 in Fighting
 11809 | D:12     | Reached skill level 12 in Long Blades
 12123 | D:12     | Reached XP level 12. HP: 88/105 MP: 11/11
 12381 | D:13     | Found a gate to the Vaults.
 12381 | D:13     | Noticed Urug
 12381 | D:13     | Noticed a centaur warrior
 12381 | D:13     | Noticed Rupert
 12404 | D:12     | HP: 3/159 [Rupert/+7 executioner's axe of flaming (12)]
 12407 | D:12     | Slain by a human

Illustrated notes

Levels and vault maps discovered:
D:1:      lightli_molten_gateway, layout_basic, columned_hall_lemuel
D:2:      layout_rooms, serial_undead, serial_undead_a, serial_undead_b,
          serial_undead_d, serial_undead_b, nicolae_qazlal_style_of_elements
D:3:      layout_basic, marbit_many_paths, lemuel_doored_altar, uniq_natasha
D:4:      layout_rooms, lemuel_crystal_altar, kennysheep_mini_moat,
          chequers_serial_rivers_small_b
D:5:      gammafunk_cloud_chamber, layout_layer_cave, first_ration
D:6:      layout_rooms, ashenzari_altar_1, lemuel_crystal_altar,
          vehumet_altar_wand_db, minmay_temple_entry_ruins, bloody_trog
D:7:      layout_loops_corners, fedhas_altar_decomposition,
          okawaru_metal_pillars_3, serial_shops, shop_coins, basic_altar
D:8:      layout_basic, grunt_lair_entry_orc_guard_hut, the_bakery, uniq_grum
D:9:      layout_basic, grunt_temple_overflow_order_and_chaos_2,
          nicolae_ru_great_annihilating_truth, nicolae_overflow_crystal_walls
D:10:     layout_cave_pods, david_orc_3, serial_column_ruins,
          column_ruins_hut_pillars, column_ruins_columns_dead_end,
          column_ruins_open_small, column_ruins_open_small, column_ruins_grid_2
D:11:     layout_rooms, basic_altar
D:12:     minmay_clustersquares, layout_basic,
          nicolae_dithmenos_through_a_glass_darkly
D:13:     layout_cave_pods, david_vaults_3, basic_altar, gauntlet_entry_generic,
          minivault_4, minmay_fractal_squares_5

Skill      XL: |  1  2  3  4  5  6  7  8  9 10 11 12 |
---------------+-------------------------------------+-----
Fighting       | 4 5 6 7 9 10 | 10.3
Axes           | 2 3 4 6 7 9 |  9.2
Armour         | 3 4 5 6 8 9 |  9.7
Shields        | 2 5 6 8 9 |  9.9
Stealth        | 1 2 3 |  3.1
Long Blades    | 6 9 12 | 12.4
Dodging        | 3 4 |  4.0
Maces & Flails | |  3.7

Action                   |  1- 3 |  4- 6 |  7- 9 | 10-12 || total
-------------------------+-------+-------+-------+-------++-------
Melee: Hand axe          |    77 |   115 |   110 |       ||   302
       Mace              |     5 |       |       |       ||     5
       Headbutt          |    10 |    18 |    76 |   125 ||   229
       Scimitar          |       |       |   157 |   460 ||   617
Invok: Berserk           |       |       |     1 |     3 ||     4
  Use: Scroll            |       |     8 |     6 |    11 ||    25
       Potion            |       |       |     1 |       ||     1
 Stab: Sleeping          |     2 |       |       |     1 ||     3
       Paralysed         |       |       |       |     1 ||     1
       Distracted        |       |       |       |     1 ||     1
  Eat: Chunk             |     1 |     6 |    12 |    17 ||    36
       Ration            |       |       |       |     2 ||     2
Armor: Animal skin       |    10 |       |       |       ||    10
       Plate armour      |    54 |    87 |   145 |    72 ||   358
       Ring mail         |       |       |       |    98 ||    98
Dodge: Dodged            |    34 |    38 |    69 |   155 ||   296
Block: Kite shield       |       |    19 |   156 |   280 ||   455
       Rpst.: Scimitar   |       |       |    11 |    51 ||    62
